 Dungeon Crawl Stone Soup version 0.28-a0-1084-ga282ea246d (webtiles) character file.

Game seed: 6331194827824137301

28 BinkBink the Skirmisher (level 2, 0/24 HPs)
             Began as a Demonspawn Chaos Knight on Dec 10, 2021.
             Was a Plaything of Xom.
             Succumbed to an adder's poison
             ... on level 2 of the Dungeon.
             The game lasted 00:01:35 (399 turns).

BinkBink the Skirmisher (Demonspawn Chaos Knight)    Turns: 399, Time: 00:01:35

Health: 0/24       AC:  5    Str: 12    XL:     2   Next: 96%
Magic:  2/2        EV: 11    Int: 13    God:    Xom [..*...]
Gold:   45         SH:  0    Dex: 12    Spells: 1/1 levels left

rFire   . . .      SeeInvis .   a - +0 short sword (chaos)
rCold   . . .      Faith    .   (no shield)
rNeg    . . .      Spirit   .   b - +2 leather armour
rPois   .          Reflect  .   (no helmet)
rElec   .          Harm     .   (no cloak)
rCorr   .          Rampage  .   (no gloves)
Will    .....                   (no boots)
Stlth   +.........              (no amulet)
HPRegen 0.08/turn               (no ring)
MPRegen 0.08/turn               (no ring)

@: lethally poisoned (0 -> -6), flying
A: demonic guardian 1
a: Renounce Religion


You were on level 2 of the Dungeon.
You worshipped Xom.
You were a toy of Xom.
You visited 1 branch of the dungeon, and saw 2 of its levels.

You collected 45 gold pieces.

Inventory:

Hand Weapons
 a - a +0 short sword of chaos (weapon)
Armour
 b - a +2 leather armour (worn)
Scrolls
 e - a scroll of amnesia {unknown}
Potions
 d - a potion of might {unknown}
 f - a potion of attraction {unknown}


   Skills:
 + Level 3.4 Fighting
 + Level 3.0 Short Blades
 + Level 2.1 Armour
 + Level 1.3 Dodging


You had one spell level left.
You didn't know any spells.
Your spell library contained the following spells:

 Spells                   Type           Power      Damage    Failure   Level
 Magic Dart               Conj           0%         1d3       36%         1
 Searing Ray              Conj           0%         2d4       52%         2
 Fulminant Prism          Conj/Hex       0%         3d6       98%         4


Dungeon Overview and Level Annotations

Branches:
Dungeon (2/15)

Altars:

Shops:
D:1 *


Innate Abilities, Weirdness & Mutations

A weak demonic guardian rushes to your aid.


Message History

Your quasit bites the adder.
Your quasit misses the adder.
Your quasit claws the adder.
The adder bites your quasit.
Your quasit is poisoned.
The adder poisons your quasit!
Your quasit completely misses the adder.
Your quasit misses the adder.
Your quasit closely misses the adder.
The adder misses your quasit.
Your quasit misses the adder.
Your quasit claws the adder. x2
The adder closely misses your quasit.
Your quasit closely misses the adder.
Your quasit misses the adder.
Your quasit closely misses the adder.
The adder misses your quasit.
Your quasit closely misses the adder.
Your quasit barely misses the adder.
Your quasit closely misses the adder.
The adder closely misses your quasit.
Your quasit misses the adder. x2
Your quasit claws the adder but does no damage.
The adder bites your quasit but does no damage.
Your quasit completely misses the adder.
Your quasit barely misses the adder.
Your quasit claws the adder but does no damage.
The adder misses your quasit.
Your quasit bites the adder.
Your quasit claws the adder but does no damage.
Your quasit barely misses the adder.
Your quasit disappears in a puff of smoke!
You hit the adder but do no damage.
The adder is severely wounded.
The adder bites you.
* * * LOW HITPOINT WARNING * * *
You are lethally poisoned!
The adder poisons you!
You closely miss the adder.
The adder is severely wounded.
* * * LOW HITPOINT WARNING * * *
You feel sick. The adder closely misses you. The adder bites you.
* * * LOW HITPOINT WARNING * * *
A demonic guardian appears!
It was a potion of flight.
You feel very buoyant.
You fly up into the air.
You die...
Xom laughs nastily!

### ..#
#5###########
#.#.........#
#@###...###.#
#S#.....#<..#
#w#.##.†######
#....)....S...
#.#†#...#.#..g
###+#.†.#...#.#
.
.........†..).(#
.......#####.###
........ ..#


You could see an adder (ally target), a dart slug (agile) and a friendly quasit
(summoned).

Vanquished Creatures
  4 ball pythons
  3 goblins
  2 hobgoblins
  6 jackals (D:2)
  A kobold (D:1)
  3 bats (D:1)
  A frilled lizard (D:2)
  4 rats
24 creatures vanquished.

Vanquished Creatures (collateral kills)
  A jackal (D:2)
1 creature vanquished.

Grand Total: 25 creatures vanquished

Notes
Turn   | Place    | Note
-------+----------+-------------------------------------------
     0 | D:1      | BinkBink the Demonspawn Chaos Knight began the quest for
                  | the Orb.
     0 | D:1      | Reached XP level 1. HP: 18/18 MP: 1/1
     7 | D:1      | Found Ogetreyr's Assorted Antiques.
    21 | D:1      | Reached skill level 1 in Dodging
    43 | D:1      | XOM: silly message
    59 | D:1      | XOM: divination: detect items
   200 | D:1      | Gained mutation: A weak demonic guardian rushes to your
                  | aid. [demonic ancestry]
   200 | D:1      | Reached XP level 2. HP: 24/24 MP: 2/2
   319 | D:2      | XOM: noise
   398 | D:2      | HP: 1/24 [adder (3)]
   399 | D:2      | Succumbed to an adder's poison

Illustrated notes

Levels and vault maps discovered:
D:1:      eino_arrival_water_star, layout_rooms, serial_shops, shop
D:2:      minmay_wonky_spiral, layout_basic,
          shapermc_ecumenical_altar_starsandcircs, uniq_sigmund

Skill      XL: |  1  2 |
---------------+-------+-----
Dodging        | 1 |  1.3
Armour         | 2 |  2.1
Short Blades   | 3 |  3.0
Fighting       | |  3.4

Action                   || total
-------------------------++-------
Melee: Short sword       ||    65
  Use: Potion            ||     1
Armor: Leather armour    ||    35
Dodge: Dodged            ||    59

Table legend: (Time is in decaauts)
 A = Elapsed time spent in this place.
 B = Non-inter-level travel time spent in this place.
 C = Inter-level travel time spent in this place.
 D = Time resting spent in this place.
 E = Time spent auto-exploring this place.
 F = Levels seen in this place.
 G = Mean time per level.
                   A        B        C        D        E       F      G
               +--------+--------+--------+--------+--------+-----+--------+
         Total |    396 |    391 |      5 |      0 |    231 |   2 |  198.0 |
       Dungeon |    396 |    391 |      5 |      0 |    231 |   2 |  198.0 |
               +--------+--------+--------+--------+--------+-----+--------+

Top non-repeatable levels by time:
     D:1: 318 daAuts
     D:2: 77 daAuts
